 Dungeon Crawl Stone Soup version 0.18-a0-628-gc02dfad (webtiles) character file.

186 benitares the Insei (level 5, -5/41 HPs)
             Began as a Demonspawn Monk on Dec 4, 2015.
             Slain by an ogre
             ... wielding a +0 giant club
              (12 damage)
             ... on level 3 of the Dungeon.
             The game lasted 00:05:37 (3644 turns).

benitares the Insei (Demonspawn Monk)               Turns: 3644, Time: 00:05:37

Health: -5/41      AC: 11    Str: 12    XL:     5   Next: 38%
Magic:  5/5        EV: 13    Int: 12    God:
Gold:   119        SH:  0    Dex: 15    Spells: 0 memorised, 4 levels left

rFire  . . .     SeeInvis .       - Unarmed
rCold  . . .     Clarity  .     a - +0 robe
rNeg   . . .     SustAt   .     (no shield)
rPois  .         Gourm    .     f - +2 hat
rElec  .         Spirit   .     (no cloak)
rCorr  .         Dismiss  .     q - +0 pair of gloves
rMut   .         Stasis   .     (no boots)
MR     .....                    m - amulet of faith
Stlth  ++........               (no ring)
                                (no ring)

@: not resistant to hostile enchantments, unstealthy
A: horns 2, iridescent scales 2
a: no special abilities


You were on level 3 of the Dungeon.
You were not hungry.

You visited 1 branch of the dungeon, and saw 4 of its levels.

You collected 119 gold pieces.

Inventory:

Armour
 a - a +0 robe (worn)
 f - a +2 hat (worn)
 q - a +0 pair of gloves (worn)
Jewellery
 m - an amulet of faith (around neck)
 p - an uncursed amulet of the gourmand
Scrolls
 c - a scroll of immolation {unknown}
 g - 3 scrolls of identify
 h - 2 scrolls of amnesia {unknown}
 i - a scroll of noise {unknown}
 j - a scroll of remove curse {unknown}
 n - a scroll of enchant weapon {unknown}
 t - a scroll of teleportation {unknown}
Potions
 d - a potion of invisibility
 e - a potion of cancellation
 k - a potion of cure mutation
 o - a potion of brilliance {unknown}
 s - a potion of poison {unknown}
 u - a potion of haste {unknown}
Comestibles
 b - 5 bread rations
 r - a slice of pizza


   Skills:
 - Level 3.0 Fighting
 - Level 2.6 Dodging
 - Level 1.7 Stealth
 + Level 6.1 Unarmed Combat


You had 4 spell levels left.
You didn't know any spells.

Dungeon Overview and Level Annotations

Branches:
Dungeon (4/15)
 Temple: D:4-7

Altars:
Vehumet

Annotations:
D:2 exclusion: 2 downstairs
D:3 Pikaro's ghost, amateur OpWz


Innate Abilities, Weirdness & Mutations

You have a pair of horns on your head.
You are mostly covered in iridescent scales (AC +6).


Message History

There is a stone staircase leading down here.
You start resting.
HP restored.
You climb downwards.
Level annotation: Pikaro's ghost, amateur OpWz The ogre hits you with a giant club!!
Ouch! That really hurt!
There is a stone staircase leading up, spattered with blood here.
The ogre hits you with a giant club!
* * * LOW HITPOINT WARNING * * *
You see here a falchion.
Read which item? (? for menu, Esc to quit)
Okay, then.
A kobold comes into view.
You see here a leather armour.
The kobold shouts!
You punch the kobold!
You kill the kobold!
The ogre hits you with a giant club!
You die...

#.# #.# #.....# #.#
#.#...###.. #)# #.#.## ##.
#.# ###.. # #.## .. . #..#
.# ##.# #.# #O# .. . #@##.#
#... #†#..# #. ###.#.## ##
###......# #######...####.#
....#.....## #.######
o....§.....###....<.#
............#######.#
........†...#######O########


You could see an ogre.

Vanquished Creatures
  A centaur skeleton (D:4)
  A worker ant (D:4)
  A gnoll (D:2)
  5 adders (D:2)
  An ooze (D:3)
  2 worms
  An orc (D:3)
  9 bats
  6 giant cockroaches
  9 hobgoblins
  7 kobolds
  2 quokkas
  6 giant geckos
  4 giant newts
  5 goblins
  9 rats
69 creatures vanquished.

Notes
Turn   | Place    | Note
--------------------------------------------------------------
     0 | D:1      | benitares the Demonspawn Monk began the quest for the Orb.
     0 | D:1      | Reached XP level 1. HP: 18/18 MP: 1/1
   281 | D:1      | Reached skill level 4 in Unarmed Combat
   370 | D:1      | Gained mutation: You have a pair of small horns on your head. [demonic ancestry]
   370 | D:1      | Reached XP level 2. HP: 24/24 MP: 2/2
   930 | D:2      | Gained mutation: You have a pair of horns on your head. [demonic ancestry]
   930 | D:2      | Reached XP level 3. HP: 27/29 MP: 3/3
  1771 | D:2      | Reached skill level 5 in Unarmed Combat
  2057 | D:2      | Gained mutation: You are partially covered in iridescent scales (AC +4). [demonic ancestry]
  2057 | D:2      | Reached XP level 4. HP: 31/35 MP: 4/4
  2757 | D:3      | Noticed Pikaro's ghost (amateur OpWz)
  3035 | D:3      | Noticed an ogre
  3099 | D:4      | Found a radiant altar of Vehumet.
  3109 | D:4      | Gained mutation: You are mostly covered in iridescent scales (AC +6). [demonic ancestry]
  3109 | D:4      | Reached XP level 5. HP: 38/41 MP: 5/5
  3156 | D:4      | Reached skill level 6 in Unarmed Combat
  3289 | D:4      | Noticed an ogre
  3315 | D:4      | Noticed an ogre
  3644 | D:3      | Slain by an ogre

Vault maps used:
D:1:      dpeg_arrival_brainrot
D:2:      forest_paths, first_bread
D:4:      lemuel_round_altar

Action                   |  1- 3 |  4- 6 || total
-------------------------+-------+-------++-------
Melee: Unarmed           |   128 |    95 ||   223
  Use: Potion            |     2 |       ||     2
       Scroll            |     1 |     2 ||     3
 Stab: Sleeping          |    11 |     1 ||    12
  Eat: Chunk             |     3 |     4 ||     7
       Meat ration       |       |     1 ||     1
